 Dungeon Crawl Stone Soup version 0.30-a0-728-gc68057be0a (webtiles) character file.

Game seed: 281278988158138757

144105 retardedninja the Warrior (level 16, -4/157 HPs)
             Began as a Minotaur Fighter on Jan 30, 2023.
             Was an Initiate of Gozag.
             Slain by an eight-headed hydra simulacrum (15 damage)
             ... on level 4 of the Swamp.
             The game lasted 00:49:17 (34535 turns).

retardedninja the Warrior (Minotaur Fighter)       Turns: 34535, Time: 00:49:18

Health: -4/157     AC: 26    Str: 31    XL:     16   Next: 84%
Magic:  0/15       EV: 13    Int:  5    God:    Gozag
Gold:   7451       SH: 14    Dex: 11    Spells: 15/15 levels left

rFire   . . .      SeeInvis .    M - +2 broad axe (flame)
rCold   . . .      Faith    .    z - +0 kite shield {reflect}
rNeg    . . .      Spirit   +    w - +4 plate armour
rPois   +          Reflect  +    (helmet restricted)
rElec   .          Harm     .    G - +2 cloak
rCorr   .          Rampage  .    n - +2 pair of gloves {Str+3}
Will    +....                    b - +0 pair of boots Stlth
                                 J - amulet of guardian spirit
HPRegen 0.46/turn                s - ring of poison resistance
MPRegen 0.14/turn                q - +5 ring of evasion

@: flayed, studying Poison Magic
A: horns 2, retaliatory headbutt, deformed body
a: Renounce Religion, Potion Petition, Call Merchant, Bribe Branch


You were on level 4 of the Swamp.
You worshipped Gozag.
Gozag was greatly pleased with you.
You visited 5 branches of the dungeon, and saw 27 of its levels.
You visited the Abyss 1 time.

You collected 9262 gold pieces.
You spent 202 gold pieces at shops.
You paid 1609 gold pieces to Gozag.

Inventory:

Hand Weapons
 M - a +2 broad axe of flaming (weapon)
Armour
 a - the +2 pair of gloves of Jaxicsoj {rC+}
   (You found it on level 2 of the Swamp)

   rC:        It protects you from cold.
 b - a +0 pair of boots (worn)
 n - a +2 pair of gloves of strength (worn)
 w - a +4 plate armour (worn)
 z - a +0 kite shield of reflection (worn)
 G - a +2 cloak (worn)
Jewellery
 q - a +5 ring of evasion (right hand)
 s - a ring of poison resistance (left hand)
 I - an amulet of regeneration
 J - an amulet of guardian spirit (around neck)
Wands
 c - a wand of acid (4)
 k - a wand of polymorph (19)
 t - a wand of mindburst (25)
 A - a wand of roots (18)
 B - a wand of paralysis (6)
 H - a wand of flame (24)
Scrolls
 e - a scroll of fear
 j - a scroll of amnesia
 m - 5 scrolls of vulnerability
 u - 2 scrolls of fog
 v - 2 scrolls of immolation
 y - 3 scrolls of teleportation
 E - 2 scrolls of silence
 L - a scroll of magic mapping
 N - 11 scrolls of identify
 O - 2 scrolls of poison
Potions
 d - 5 potions of haste
 f - 2 potions of curing
 g - 2 potions of attraction
 h - 5 potions of magic
 i - 9 potions of mutation
 l - 5 potions of flight
 r - 4 potions of brilliance
 x - 2 potions of lignification
 D - 4 potions of cancellation
 F - 2 potions of resistance
Miscellaneous
 p - a lightning rod (4/4)
 C - a phantom mirror
 K - a tin of tremorstones (2/2)


   Skills:
 + Level 18.0 Fighting
 + Level 17.8 Axes
 + Level 18.0 Armour
 + Level 17.9 Shields
 + Level 8.5 Evocations


You had 15 spell levels left.
You didn't know any spells.
Your spell library contained the following spells:

 Spells                   Type           Power      Damage    Failure   Level
 Apportation              Tloc           0%         N/A       98%         1
 Freeze                   Ice            0%         1d3       98%         1
 Necrotise                Necr           0%         1d4       98%         1
 Summon Small Mammal      Summ           0%         N/A       98%         1
 Ensorcelled Hibernation  Hex/Ice        0%         N/A       99%         2
 Scorch                   Fire           0%         2d5       99%         2
 Frozen Ramparts          Ice            0%         1d1       100%        3
 Hailstorm                Conj/Ice       0%         3d3       100%        3
 Ozocubu's Armour         Ice            0%         N/A       100%        3
 Spider Form              Tmut/Pois      0%         N/A       100%        3
 Vampiric Draining        Necr           0%         2d6       100%        3
 Anguish                  Hex/Necr       0%         N/A       100%        4
 Cause Fear               Hex            0%         N/A       100%        4
 Flame Wave               Conj/Fire      0%         2d4       100%        4
 Ice Form                 Ice/Tmut       0%         N/A       100%        4
 Olgreb's Toxic Radiance  Pois           0%         N/A       100%        4
 Summon Lightning Spire   Summ/Air       0%         N/A       100%        4
 Arcjolt                  Conj/Air       0%         1d10      100%        5
 Borgnjor's Vile Clutch   Necr/Erth      0%         N/A       100%        5
 Summon Forest            Summ/Tloc      0%         N/A       100%        5
 Death Channel            Necr           0%         N/A       100%        6
 Eringya's Noxious Bog    Tmut/Pois      0%         N/A       100%        6
 Summon Cactus Giant      Summ           0%         N/A       100%        6
 Dragon Form              Tmut           0%         N/A       100%        7
 Ozocubu's Refrigeration  Ice            0%         4d7       100%        7
 Storm Form               Tmut/Air       0%         N/A       100%        7
 Summon Hydra             Summ           0%         N/A       100%        7
 Infestation              Necr           0%         N/A       100%        8
 Maxwell's Capacitive Co  Air            0%         ∞         100%        8
 Dragon's Call            Summ           0%         N/A       100%        9
 Animate Dead             Necr           Unusable   N/A       N/A         4

Dungeon Overview and Level Annotations

Branches:
Dungeon (15/15)            Temple (1/1) D:6            Lair (5/5) D:8
  Swamp (4/4) Lair:2        Snake (0/4) Lair:3        Slime (0/5) Lair:5
    Orc (2/2) D:9             Elf (0/3) Orc:2        Vaults (0/5) D:13
 Depths (0/4) D:15

Altars:
Ashenzari
Cheibriados
Elyvilon
Fedhas
Gozag
Kikubaaqudgha
Nemelex Xobeh
Okawaru
Qazlal
Uskayaw
Vehumet
Wu Jian
Xom
Yredelemnul
Zin
The Shining One
Jiyva

Shops:
D:12 (   Orc:2 :*([

Portals:
Trove: D:10 (give +3 storm dragon scales)


Innate Abilities, Weirdness & Mutations

You have a pair of horns on your head.
You reflexively headbutt those who attack you in melee.
Armour fits poorly on your strangely shaped body.


Message History

HP restored.
You start waiting.
Done waiting.
There is a stone staircase leading down, spattered with blood here.
You climb downwards.
You block the eight-headed hydra simulacrum's attack.
The eight-headed hydra simulacrum bites you but does no damage.
The eight-headed hydra simulacrum bites you!
The eight-headed hydra simulacrum freezes you!!
The eight-headed hydra simulacrum bites you but does no damage.
The eight-headed hydra simulacrum bites you.
The eight-headed hydra simulacrum freezes you!!
The eight-headed hydra simulacrum closely misses you.
The eight-headed hydra simulacrum bites you.
The eight-headed hydra simulacrum freezes you!!
You block the eight-headed hydra simulacrum's attack.
You block the death drake skeleton's attack.
The will-o-the-wisp gestures.
The will-o-the-wisp conjures some foxfire!
The flayed ghost stares at you with tortured malice.
Terrible wounds open up all over your body!
The spriggan air mage completely misses you.
You furiously retaliate!
You headbutt the spriggan air mage! 2 foxfires come into view.
There is a stone staircase leading up, spattered with blood here.
The foxfire hits you.
You block the eight-headed hydra simulacrum's attack. x2
The eight-headed hydra simulacrum bites you!
* * * LOW HITPOINT WARNING * * *
The eight-headed hydra simulacrum freezes you!!!
* * * LOW HITPOINT WARNING * * *
The eight-headed hydra simulacrum bites you but does no damage.
The eight-headed hydra simulacrum barely misses you.
The eight-headed hydra simulacrum misses you.
You block the eight-headed hydra simulacrum's attack.
The eight-headed hydra simulacrum bites you.
* * * LOW HITPOINT WARNING * * *
The eight-headed hydra simulacrum freezes you!
You die...
Your body crumbles into a pile of gold.

♣~..○○°°○...~
♣~....W○..v$.
♣♣♣~~~~.♣
♣$~[~$§.♣♣♣
♣♣~.~§v.^.♣♣
♣.~~§§kk~.♣~
.~♣♣.§w§~~~k~~~♣
~~~§~.Zvi~~~~~~~
~~§~~♣♣@Z~~~~~~.
~~~.♣ ♣~♣~.~.D.~
<... ~.~♣♣♣♣♣♣♣
♣♣♣ ~~~.~
~~~~~<♣ ♣♣.§~~..
♣♣.~~§~~
♣~~~~~§♣


You could see a swamp dragon, a tyrant leech, a flayed ghost, a spriggan air
mage (repels missiles), a will-o-the-wisp, 3 swamp drakes, an eight-headed hydra
simulacrum and a death drake skeleton.

Vanquished Creatures
  Saint Roka (Orc:2)
  Nikola (Swamp:1)
  A tentacled starspawn (Abyss:2)
  Gastronok (Lair:1)
  2 ghouls (Swamp:2)
  3 eleionomae
  Azrael (D:15)
  3 bunyips
  The ghost of Teinosma the Nimble, a journeyman DjGl of Ashenzari (D:11)
  Snorg (Orc:2)
  2 shambling mangroves (Swamp:3)
  A rakshasa (D:14)
  4 catoblepae
  16 hydras
  A merfolk avatar (Lair:5)
  2 ghost crabs (Swamp:3)
  2 ogre magi
  The ghost of Loveship the Cleaver, a novice HOFi of Beogh (D:10)
  7 centaur warriors
  5 alligators
  The ghost of hikkokomori the Fighter, a novice MfWn of Okawaru (D:11)
  3 tengu warriors
  4 boulder beetles
  The ghost of Ydghaihet the Thaumaturge, a novice DrFE of Vehumet (D:11)
  9 two-headed ogres
  15 death yaks
  Urug (D:12)
  An orc high priest (Orc:2)
  Nergalle (D:11)
  5 skeletal warriors (D:15)
  Sonja (D:12)
  A shadow wraith (D:13)
  4 goliath frogs
  2 spriggan druids (Swamp:3)
  A sea snake (Lair:4)
  3 bog bodies
  A glowing orange brain (shapeshifter) (D:15)
  5 swamp dragons
  A deep troll (D:13)
  2 wizards (D:15)
  3 deep elf pyromancers
  A harpy (Lair:5)
  2 necromancers
  4 orc sorcerers
  2 orc knights
  6 will-o-the-wisps
  2 manticores
  6 ugly things
  8 cyclopes
  18 elephants
  2 naga magi (D:15)
  A torpor snail (Lair:5)
  A centaur skeleton (D:15)
  7 black mambas
  8 cane toads
  3 large abominations (Abyss:2)
  A kobold demonologist (D:12)
  3 rime drakes
  11 komodo dragons
  3 polar bears
  8 trolls
  8 tyrant leeches
  2 wind drakes (Lair:5)
  7 hornets
  7 raiju (Abyss:2)
  A tarantella (shapeshifter) (D:14)
  5 dream sheep (Lair:3)
  9 blink frogs
  2 small abominations (Abyss:2)
  2 snapping turtles (Lair:5)
  5 wyverns
  2 centaur simulacra
  18 slime creatures
  A shadow (D:9)
  5 spriggans
  A vampire (D:14)
  5 wraiths
  2 fire elementals (D:15)
  Grum (D:9)
  5 basilisks
  39 yaks
  A steam dragon (Lair:4)
  A neqoxec (Abyss:2)
  23 vampire mosquitoes
  Menkaure (D:6)
  An acid dragon (D:11)
  8 swamp worms
  5 wargs
  20 water moccasins
  3 hell hounds (D:15)
  Duvessa (D:7)
  28 orc warriors
  2 sky beasts
  An ice beast (D:6)
  A meliai simulacrum (D:14)
  A hornet zombie (D:7)
  A swamp drake (Swamp:1)
  A black bear (D:6)
  9 ogres
  8 wolves
  3 centaurs
  A phantom (D:6)
  2 necrophages
  4 scorpions
  12 bullfrogs
  A gnoll sergeant (D:9)
  7 earth elementals (D:15)
  4 wights (D:10)
  Dowan (D:7)
  6 killer bees (D:11)
  5 electric eels
  A bullfrog zombie (D:7)
  3 centaur zombies
  28 orc priests
  A hound (D:6)
  A gnoll bouda (D:7)
  2 jellies
  Jessica (D:3)
  Natasha (twice) (D:4)
  30 orc wizards
  3 killer bee zombies (D:7)
  The ghost of drugrobin the Sneak, a weakling DgDe (D:5)
  2 howler monkey zombies (D:7)
  4 adders
  4 gnolls (D:9)
  A shadow imp (D:6)
  2 white imps
  2 ufetubi
  2 worms
  A dart slug (D:2)
  100 orcs
  8 ball pythons
  7 bats
  6 endoplasms
  3 giant cockroaches
  7 goblins
  5 hobgoblins
  7 jackals
  7 kobolds
  8 quokkas
  3 frilled lizards
  A rat (D:1)
  3 starspawn tentacles (Abyss:2)
763 creatures vanquished.

Vanquished Creatures (collateral kills)
  2 bunyips (Swamp:2)
  A will-o-the-wisp (Swamp:2)
  An orc (Orc:2)
4 creatures vanquished.

Vanquished Creatures (others)
  A wizard (D:14)
  2 bloated husks (Swamp:3)
  An orc wizard (Orc:2)
  33 foxfires
  23 fungi
  77 plants
  A starspawn tentacle (Abyss:2)
  7 withered plants (D:15)
145 creatures vanquished.

Grand Total: 912 creatures vanquished

Notes
Turn   | Place    | Note
-------+----------+-------------------------------------------
     0 | D:1      | retardedninja the Minotaur Fighter began the quest for the
                  | Orb.
     0 | D:1      | Reached XP level 1. HP: 19/19 MP: 0/0
   165 | D:1      | Found a faded altar of an unknown god.
   181 | D:1      | Reached XP level 2. HP: 27/27 MP: 1/1
   610 | D:1      | Reached XP level 3. HP: 33/33 MP: 2/2
  1253 | D:2      | Reached XP level 4. HP: 40/40 MP: 3/3
  1974 | D:3      | Noticed Jessica
  1980 | D:3      | Killed Jessica
  2238 | D:4      | Noticed a scorpion
  2244 | D:4      | Killed a scorpion
  2245 | D:4      | Reached XP level 5. HP: 46/47 MP: 4/4
  2434 | D:4      | Noticed an ogre
  2436 | D:4      | Killed an ogre
  2437 | D:4      | Reached skill level 5 in Fighting
  2437 | D:4      | Reached skill level 5 in Armour
  2437 | D:4      | Reached skill level 5 in Shields
  2444 | D:4      | Reached XP level 6. HP: 56/56 MP: 5/5
  2646 | D:4      | Noticed Natasha
  2654 | D:4      | Killed Natasha
  2776 | D:4      | Noticed Natasha
  2779 | D:4      | Killed Natasha
  2831 | D:4      | Reached skill level 5 in Axes
  3014 | D:5      | Entered Level 5 of the Dungeon
  3233 | D:5      | Reached XP level 7. HP: 53/62 MP: 6/6
  3356 | D:5      | Found a runed translucent gate.
  3356 | D:5      | Noticed drugrobin's ghost (weakling DgDe)
  3363 | D:5      | Found a runed translucent gate.
  3364 | D:5      | Found a runed translucent gate.
  3365 | D:5      | Identified the +1 dagger of the Beginning {heavy, Str+3
                  | Dex+4}
  3613 | D:5      | Found a stormy altar of Qazlal.
  4084 | D:5      | Found a sparkling altar of Nemelex Xobeh.
  4091 | D:5      | Found a shimmering altar of Xom.
  4328 | D:6      | Found a radiant altar of Vehumet.
  4366 | D:6      | You fall into a shaft and drop 1 floor!
  4389 | D:7      | Found a broken altar of Ashenzari.
  4439 | D:7      | Reached XP level 8. HP: 66/71 MP: 7/7
  4450 | D:7      | Noticed Duvessa
  4454 | D:7      | Noticed Dowan
  4456 | D:7      | Killed Duvessa
  4483 | D:7      | Killed Dowan
  4811 | D:5      | Found a blossoming altar of Fedhas.
  4830 | D:6      | Noticed Menkaure
  4841 | D:6      | Killed Menkaure
  5082 | D:6      | Reached XP level 9. HP: 78/81 MP: 8/8
  5207 | D:6      | Found a staircase to the Ecumenical Temple.
  5236 | Temple   | Entered the Ecumenical Temple
  5252 | Temple   | Became a worshipper of Gozag Ym Sagoz the Greedy
  5313 | D:7      | Found a basalt altar of Yredelemnul.
  5469 | D:7      | Found a transporter.
  5542 | D:7      | Identified the +0 falchion "Edathib" {antimagic, rElec
                  | Will+ Str+2 Dex+3}
  5606 | D:7      | Found a transporter.
  6011 | D:8      | Found a staircase to the Lair.
  6663 | D:9      | Noticed Grum
  6676 | D:9      | Killed Grum
  6685 | D:9      | Reached XP level 10. HP: 83/91 MP: 9/9
  6982 | D:9      | Found a staircase to the Orcish Mines.
  7521 | D:10     | Entered Level 10 of the Dungeon
  7564 | D:10     | Found a portal to a secret trove of treasure.
  7731 | D:10     | Found a runed translucent gate.
  7732 | D:10     | Found a runed translucent gate.
  7732 | D:10     | Found a runed translucent gate.
  7734 | D:10     | Noticed Loveship's ghost (novice HOFi)
  7735 | D:10     | Found a viscous altar of Jiyva.
  7779 | D:10     | Reached skill level 10 in Armour
  7923 | D:10     | Reached skill level 10 in Shields
  7926 | D:10     | Reached skill level 10 in Fighting
  8038 | D:10     | Reached skill level 10 in Axes
  8356 | D:11     | Noticed Nergalle
  8369 | D:11     | Killed Nergalle
  8689 | D:11     | Found a runed translucent gate.
  8689 | D:11     | Found a runed translucent gate.
  8689 | D:11     | Found a runed translucent gate.
  8689 | D:11     | Noticed Ydghaihet's ghost (novice DrFE)
  8690 | D:11     | Noticed hikkokomori's ghost (novice MfWn)
  8690 | D:11     | Noticed Teinosma's ghost (journeyman DjGl)
  8713 | D:11     | Noticed a two-headed ogre
  8727 | D:11     | Killed a two-headed ogre
  8728 | D:11     | Reached XP level 11. HP: 101/101 MP: 10/10
  8770 | D:11     | Noticed a two-headed ogre
  8777 | D:11     | Killed a two-headed ogre
  9484 | D:12     | Found Esouteu's Antique Weapon Emporium.
  9534 | D:12     | Noticed a deep elf pyromancer
  9542 | D:12     | Killed a deep elf pyromancer
 10282 | D:12     | Noticed a soul eater
 10650 | D:12     | Noticed Sonja
 10657 | Abyss:2  | Cast into level 2 of the Abyss (Sonja)
 10698 | Abyss:2  | Found a burning altar of Makhleb.
 10811 | Abyss:2  | Found a corrupted altar of Lugonu.
 10833 | Abyss:2  | Noticed an orc sorcerer
 10845 | Abyss:2  | Killed an orc sorcerer
 10846 | Abyss:2  | Reached XP level 12. HP: 102/113 MP: 11/11
 10846 | Abyss:2  | Found a corrupted altar of Lugonu.
 10846 | Abyss:2  | Found a corrupted altar of Lugonu.
 10847 | Abyss:2  | Found a corrupted altar of Lugonu.
 10892 | Abyss:2  | Gained mutation: Armour fits poorly on your strangely
                  | shaped body. [a neqoxec]
 10906 | Abyss:2  | Noticed a tentacled starspawn
 10926 | Abyss:2  | Killed a tentacled starspawn
 10932 | D:12     | Escaped the Abyss
 10941 | D:12     | Noticed Urug
 10942 | D:12     | Killed Sonja
 10953 | D:12     | Killed Urug
 11245 | D:13     | Noticed a four-headed hydra
 11250 | D:13     | Noticed a centaur warrior
 11258 | D:12     | Killed a nine-headed hydra
 11501 | D:13     | Killed a centaur warrior
 11538 | D:13     | Noticed a tengu warrior
 11554 | D:13     | Killed a tengu warrior
 11730 | D:13     | Noticed a centaur warrior
 11739 | D:13     | Killed a centaur warrior
 11740 | D:13     | Noticed a centaur warrior
 11750 | D:13     | Noticed a tengu warrior
 11753 | D:13     | Killed a centaur warrior
 11778 | D:13     | Killed a tengu warrior
 12129 | D:13     | Found a gate to the Vaults.
 12214 | D:13     | Noticed a boulder beetle
 12216 | D:13     | Noticed a centaur warrior
 12229 | D:13     | Killed a centaur warrior
 12237 | D:13     | Killed a boulder beetle
 12238 | D:13     | Reached XP level 13. HP: 46/123 MP: 12/12
 13624 | Lair:1   | Entered Level 1 of the Lair of Beasts
 14144 | Lair:1   | Noticed Gastronok
 14158 | Lair:1   | Killed Gastronok
 14261 | Lair:1   | You fall into a shaft and drop 1 floor!
 14920 | Lair:2   | Found a staircase to the Swamp.
 15668 | Lair:3   | Found a staircase to the Snake Pit.
 15915 | Lair:3   | Reached skill level 1 in Evocations
 15939 | Lair:3   | Reached skill level 15 in Fighting
 15939 | Lair:3   | Reached skill level 15 in Armour
 15939 | Lair:3   | Reached skill level 15 in Shields
 15941 | Lair:3   | Reached XP level 14. HP: 66/135 MP: 13/13
 16433 | Lair:3   | Reached skill level 15 in Axes
 17577 | Lair:5   | Entered Level 5 of the Lair of Beasts
 18106 | Lair:5   | Found a staircase to the Slime Pits.
 19133 | Lair:5   | Reached skill level 5 in Evocations
 19596 | Orc:1    | Entered Level 1 of the Orcish Mines
 19626 | Orc:1    | Reached XP level 15. HP: 132/144 MP: 14/14
 19745 | Orc:2    | Entered Level 2 of the Orcish Mines
 19780 | Orc:2    | Found a frozen archway.
 19952 | Orc:2    | Found a staircase to the Elven Halls.
 20059 | Orc:2    | Noticed Snorg
 20080 | Orc:2    | Killed Snorg
 20096 | Orc:2    | Noticed Saint Roka
 20315 | Orc:2    | Found Otaff's Antique Armour Shoppe.
 20329 | Orc:2    | Killed Saint Roka
 20399 | Orc:2    | Found Ughoes's Antique Weapon Emporium.
 20797 | Orc:2    | Found Jomonoru's Book Boutique.
 21014 | Orc:2    | Found Upud's Assorted Antiques.
 21035 | Orc:2    | Bought a scroll of enchant weapon for 202 gold pieces
 22627 | D:14     | Got Sif Muna's Incunable of Evil and the Snowflakes
 22841 | D:14     | Got the Collected Works on Toxicity and the Brume
 23024 | D:15     | Entered Level 15 of the Dungeon
 23262 | D:15     | Noticed Azrael
 23280 | D:15     | Killed Azrael
 23358 | D:15     | Found an ancient bone altar of Kikubaaqudgha.
 23753 | D:15     | Found a staircase to the Depths.
 23952 | D:15     | Reached XP level 16. HP: 155/155 MP: 15/15
 24376 | Swamp:1  | Entered Level 1 of the Swamp
 25234 | Swamp:1  | Noticed Nikola
 25263 | Swamp:1  | Killed Nikola
 26257 | Swamp:2  | Identified the +4 chain mail of Suygow {Int+3}
 26704 | Swamp:2  | Identified the +2 pair of gloves of Jaxicsoj {rC+}
 27182 | Swamp:2  | Identified the +1 cloak of Uskayaw's Reproof {rN+ Str+4
                  | Dex+3 Slay-5}
 29722 | D:11     | Killed hikkokomori's ghost
 29722 | D:11     | Killed Ydghaihet's ghost
 29731 | D:11     | Killed Teinosma's ghost
 29841 | D:10     | Killed Loveship's ghost
 29855 | D:10     | Identified the +5 longbow "Gaetuock" {antimagic, Will+
                  | Dex+3 SInv Stlth+}
 30124 | D:5      | Killed drugrobin's ghost
 32196 | Swamp:4  | Entered Level 4 of the Swamp
 34535 | Swamp:4  | Slain by an eight-headed hydra simulacrum

Illustrated notes

Levels and vault maps discovered:
D:1:      dpeg_arrival_simpleton_b, layout_basic,
          dreamdust_ecumenical_altar_grove
D:2:      layout_loops_cross, nrook_campfire
D:3:      layout_basic, uniq_jessica
D:4:      layout_basic, kennysheep_cluttered_room, uniq_natasha
D:5:      layout_layer_cave, nicolae_overflow_hidden_temple,
          biasface_ghost_orc_armoury, nicolae_elevator_lobby_asterisk
D:6:      layout_rooms, vehumet_crystals, temple_doors_e,
          nicolae_lava_and_water, uniq_menkaure
D:7:      gammafunk_beogh_shrine, layout_gridville, kennysheep_mini_moat,
          nicolae_yredelemnul_corpse_copse, kennysheep_generic_room_8,
          uniq_duvessa
D:8:      layout_rooms, erik_lair_orcish_takeover
D:9:      layout_basic, orc_0_dummy, uniq_grum
D:10:     layout_grid_maze, enter_trove_2, gammafunk_ghost_ooze,
          hangedman_decor_peaks_small
D:11:     layout_roguey, gammafunk_ghost_cemetery, serial_park_tiny_2,
          minivault_19, minmay_misc_feat_diagonals, uniq_nergalle
D:12:     layout_loops_corners, serial_shops, kennysheep_little_box,
          hangedman_abyss_or_decor_stagger, minmay_puff, uniq_urug, uniq_sonja
D:13:     layout_long_grid, david_vaults_4, lemuel_flamethrower_3
D:14:     nicolae_cairo_tiling_large_dashed, layout_loops_ring,
          nrook_pool_corridor, minmay_alternating_orb
D:15:     grunt_enter_depths_magical_seal, layout_gridville,
          kiku_gazebo_garden_becter, hangedman_cracks_in_the_wall, uniq_azrael
Temple:   nicolae_temple_bog_church
Lair:1:   layout_regular_city, uniq_gastronok
Lair:2:   layout_cave_pods, minmay_swamp_entry_worms
Lair:3:   layout_chaotic_city, minmay_snake_entry_six_corridors
Lair:4:   layout_hall_layers, lemuel_fruit_tree, serial_bayou_shore_a,
          grunt_megastairs_1
Lair:5:   gammafunk_lair_ancient_temple, layout_long_grid,
          dpeg_slime_entry_corner, serial_bayou_lagoon_b,
          infiniplex_staircase_pool_2
Swamp:1:  layout_basic_swamp, hangedman_swamp_lotus, uniq_nikola
Swamp:2:  layout_basic_swamp, evilmike_swamp_ruin_house_4, swamp_pool1,
          infiniplex_staircase_pool
Swamp:3:  layout_basic_swamp, evilmike_swamp_ruin_rubble_1
Swamp:4:  byrel_swamp_growth_death_and_undeath, layout_basic_swamp, swamp_pool1
Orc:1:    layout_diamond_mine
Orc:2:    grunt_orc_community_town_hall, layout_caves,
          grunt_orc_community_big_house_2, grunt_orc_community_big_house_1,
          grunt_orc_community_house_2, grunt_orc_community_house_2,
          grunt_orc_community_house_1, grunt_orc_community_house_3,
          grunt_orc_community_house_1, grunt_orc_community_house_1,
          portal_ice_cave_entry_pillars_1, nicolae_orc_crystal_geode, uniq_snorg

Skill      XL: |  1  2  3  4  5  6  7  8  9 10 11 12 13 14 15 16 |
---------------+-------------------------------------------------+-----
Armour         | 4 5 6 7 9 10 12 13 15 16 17 18 | 18.0
Fighting       | 4 5 6 7 9 10 12 13 15 16 17 18 | 18.0
Shields        | 4 5 6 7 9 10 12 13 15 16 17 | 17.9
Axes           | 3 4 5 6 7 9 10 12 13 14 15 16 17 | 17.8
Evocations     | 1 5 7 8 |  8.5

Action                     |  1- 3 |  4- 6 |  7- 9 | 10-12 | 13-15 | 16-18 || total
---------------------------+-------+-------+-------+-------+-------+-------++-------
  Melee: War axe           |    85 |    84 |   220 |   489 |  1141 |   178 ||  2197
         Headbutt          |    11 |     4 |    38 |    96 |   298 |    97 ||   544
         Unarmed           |       |       |    14 |       |       |       ||    14
         Broad axe         |       |       |       |       |       |   296 ||   296
  Throw: Throwing net      |       |     1 |       |       |       |       ||     1
 Invoke: Potion Petition   |       |       |       |     1 |       |     2 ||     3
  Evoke: Wand              |       |     2 |       |     9 |     5 |     2 ||    18
         Tin of tremorston |       |       |       |     2 |     4 |       ||     6
         Lightning rod     |       |       |       |       |     1 |       ||     1
         Phantom mirror    |       |       |       |       |     2 |     1 ||     3
    Use: Scroll            |       |    10 |     1 |    13 |    13 |     7 ||    44
         Potion            |       |       |     7 |    12 |    11 |     8 ||    38
   Stab: Distracted        |       |       |       |     2 |     5 |     4 ||    11
         Invisible         |       |       |       |     2 |     3 |       ||     5
         Petrified         |       |       |       |       |     3 |       ||     3
 Armour: Scale mail        |    49 |     8 |       |       |       |       ||    57
         Chain mail        |       |    17 |   120 |     2 |       |       ||   139
         Plate armour      |       |       |       |   265 |   591 |   288 ||  1144
  Dodge: Dodged            |    33 |    49 |   159 |   280 |   556 |   258 ||  1335
  Block: Buckler           |    21 |    15 |    53 |   154 |   353 |    98 ||   694
         Kite shield       |       |       |       |       |       |   154 ||   154
         Reflection        |       |       |       |       |       |     4 ||     4

Table legend: (Time is in decaauts)
 A = Elapsed time spent in this place.
 B = Non-inter-level travel time spent in this place.
 C = Inter-level travel time spent in this place.
 D = Time resting spent in this place.
 E = Time spent auto-exploring this place.
 F = Levels seen in this place.
 G = Mean time per level.
                   A        B        C        D        E       F      G
               +--------+--------+--------+--------+--------+-----+--------+
         Total |  34537 |  31947 |   2590 |  11130 |  15542 |  28 | 1233.5 |
       Dungeon |  17200 |  15402 |   1798 |   3651 |   9100 |  15 | 1146.7 |
        Temple |     20 |     17 |      3 |      0 |      3 |   1 |   20.0 |
          Lair |   6072 |   5625 |    447 |    846 |   3708 |   5 | 1214.4 |
         Swamp |   9265 |   9078 |    187 |   6462 |   1791 |   4 | 2316.2 |
  Orcish Mines |   1708 |   1555 |    153 |    170 |    939 |   2 |  854.0 |
         Abyss |    270 |    270 |      0 |      0 |      0 |   1 |  270.0 |
               +--------+--------+--------+--------+--------+-----+--------+

Top non-repeatable levels by time:
 Swamp:3: 4378 daAuts
 Swamp:2: 3005 daAuts
    D:12: 2125 daAuts
    D:13: 2061 daAuts
 Swamp:1: 1840 daAuts
  Lair:5: 1643 daAuts
    D:14: 1542 daAuts
     D:5: 1492 daAuts
   Orc:2: 1326 daAuts
  Lair:2: 1219 daAuts
  Lair:3: 1193 daAuts
    D:10: 1164 daAuts
  Lair:4: 1111 daAuts
     D:8: 1059 daAuts
    D:11: 1023 daAuts
